 Dungeon Crawl Stone Soup version 0.17.1-3-g152610e (webtiles) character file.

1408 MrTails the Shield-Bearer (level 8, -7/51 HPs)
             Began as a Gargoyle Fighter on Feb 18, 2016.
             Was a Believer of Okawaru.
             Mangled by a hill giant
             ... wielding a +0 giant club
              (26 damage)
             ... on level 7 of the Dungeon.
             The game lasted 00:12:58 (6518 turns).

MrTails the Shield-Bearer (Gargoyle Fighter)        Turns: 6518, Time: 00:12:59

Health: -7/51      AC: 19    Str: 23    XL:     8   Next: 70%
Magic:  8/8        EV:  6    Int:  8    God:    Okawaru [**....]
Gold:   352        SH: 10    Dex:  7    Spells: 0 memorised, 7 levels left

rFire  . . .     SeeInvis .     R - +0 war axe
rCold  . . .     Clarity  .     S - +0 chain mail
rNeg   + . .     SustAt   .     c - +0 shield
rPois  ∞         Gourm    .     (helmet restricted)
rElec  +         Spirit   .     A - +0 cloak
rCorr  .         Warding  .     s - +0 pair of gloves
rMut   .         Stasis   .     C - +0 pair of boots
MR     .....                    (no amulet)
Stlth  ..........               (no ring)
                                (no ring)

@: not resistant to hostile enchantments, extremely unstealthy
A: antennae 1, clumsy 1, negative energy resistance 1, electricity resistance,
unbreathing, petrification resistance, rot immunity, MP-powered wands, AC +5
a: Heroism, Renounce Religion


You were on level 7 of the Dungeon.
You worshipped Okawaru.
Okawaru was pleased with you.
You were very hungry.

You visited 1 branch of the dungeon, and saw 7 of its levels.

You collected 457 gold pieces.
You spent 105 gold pieces at shops.

Inventory:

Hand Weapons
 a - a +0 war axe
 R - a +0 war axe (weapon)
Armour
 b - a +0 scale mail
 c - a +0 shield (worn)
 m - a +0 helmet
 s - a +0 pair of gloves (worn)
 y - a +0 helmet
 A - a +0 cloak (worn)
 C - a +0 pair of boots (worn)
 S - a +0 chain mail (worn)
Jewellery
 t - an uncursed ring of protection from cold {unknown}
 F - an uncursed ring of flight {unknown}
 G - a +6 ring of strength {unknown}
 I - a cursed ring of ice {unknown}
 K - an uncursed ring of poison resistance {unknown}
 O - an uncursed ring of stealth {unknown}
Scrolls
 f - 2 scrolls of blinking {unknown}
 k - 2 scrolls of enchant weapon {unknown}
 n - 5 scrolls of identify {unknown}
 u - 3 scrolls of remove curse {unknown}
 v - 3 scrolls of enchant armour
 w - 5 scrolls of teleportation {unknown}
 B - 2 scrolls of amnesia {unknown}
 D - a scroll of noise {unknown}
 E - 4 scrolls of recharging {unknown}
 H - 2 scrolls of immolation {unknown}
 M - a scroll of summoning {unknown}
 N - a scroll of fog {unknown}
 Q - a scroll of magic mapping {unknown}
Potions
 d - 3 potions of might
 g - a potion of cure mutation {unknown}
 h - 3 potions of invisibility {unknown}
 l - a potion of lignification {unknown}
 o - 3 potions of flight {unknown}
 q - 4 potions of curing {unknown}
 r - 2 potions of haste {unknown}
 x - 2 potions of mutation {unknown}
 z - 2 potions of resistance {unknown}
 J - a potion of heal wounds {unknown}
 L - a potion of cancellation {unknown}
Books
 P - a book of Maledictions

   Spells                             Type                      Level
   a - Corona                         Hexes                        1
   b - Ensorcelled Hibernation        Hexes/Ice                    2
   c - Confuse                        Hexes                        3
   d - Tukima's Dance                 Hexes                        3
   e - Dazzling Spray                 Conjuration/Hexes            3
Comestibles
 e - 3 bread rations
 i - 3 beef jerkies
 j - 3 fruits
 p - 4 meat rations


   Skills:
 + Level 5.8 Fighting
 * Level 6.1 Axes
 + Level 6.1 Armour
 - Level 0.1 Dodging
 + Level 6.3 Shields


You had 7 spell levels left.
You didn't know any spells.

Dungeon Overview and Level Annotations

Branches:
Dungeon (7/15)             Temple (0/1) D:7

Altars:
Ashenzari
Gozag
Makhleb
Okawaru
Trog
Xom

Shops:
D:4 ?   D:7 :[*

Annotations:
D:4 Dustman's ghost, amateur HuGl
D:5 Yermak's ghost, novice SpTm


Innate Abilities, Weirdness & Mutations

You are resistant to torment.
Your stone body is resilient (AC +5).
You are immune to poison.
You resist negative energy.
You are resistant to electric shocks.
You can survive without breathing.
You are immune to petrification.
You are immune to rotting.
You have a pair of small antennae on your head.
You are clumsy. (Dex -2)
You expend magic power (3 MP) to strengthen your wands.


Message History

There is an entrance to Ujiqifid's Book Shoppe here.
v - 3 scrolls of enchant armour (gained 1)
h - 3 grey potions (gained 1)
Found a staircase to the Ecumenical Temple.
Found 26 stones.
You are feeling very hungry.
No target in view!
No target in view!
A hill giant comes into view. It is wielding a giant club.
The hill giant shouts!
A hill giant is nearby!
A hill giant is nearby!
You see here 26 stones.
A water moccasin skeleton comes into view.
The hill giant hits you with a giant club!!
Ouch! That really hurt!
You hit the hill giant but do no damage.
The hill giant hits you with a giant club!!
Ouch! That really hurt!
You die...

.......#####..........
..................##
.##.............###
##..#...#...##..# .
##..#.......##..## . #
....##.....####..# ...
# 8#...#.....#
#..###.... .####
.##...#....# ##(....#
...#. ∩.8.......##
#@...## .... .####...
#...C..## #... 8#
...Z........# #. .#
............... ## .#
...........#### # ..
......###..# .# ##
...### ..# .#######
##. #.# ##........
#..###.........


You could see a hill giant and a water moccasin skeleton.

Vanquished Creatures
  Eustachio (D:6)
  The ghost of Dustman the Poker, an amateur HuGl (D:7)
  A water moccasin (D:5)
  An ice beast (D:7)
  A sky beast (D:7)
  An orc warrior (D:7)
  2 phantoms (D:6)
  An ogre (D:7)
  A giant frog (D:6)
  2 crimson imps
  An orc wizard (D:4)
  A worker ant (D:4)
  3 iguanas
  11 adders
  3 worms
  An adder skeleton (D:6)
  6 giant geckos
  16 orcs
  A ball python (D:3)
  5 giant cockroaches
  10 goblins
  9 hobgoblins
  4 jackals (D:6)
  14 bats
  4 giant newts
  6 kobolds
  2 quokkas
  A quokka skeleton (D:6)
  7 rats
117 creatures vanquished.

Notes
Turn   | Place    | Note
--------------------------------------------------------------
     0 | D:1      | MrTails the Gargoyle Fighter began the quest for the Orb.
     0 | D:1      | Reached XP level 1. HP: 14/14 MP: 1/1
   356 | D:1      | Reached XP level 2. HP: 12/19 MP: 2/2
   975 | D:2      | Reached XP level 3. HP: 12/24 MP: 3/3
  1444 | D:2      | Reached XP level 4. HP: 25/29 MP: 4/4
  1685 | D:2      | Reached skill level 4 in Fighting
  1948 | D:3      | Reached XP level 5. HP: 33/33 MP: 5/5
  2390 | D:4      | Noticed Dustman's ghost (amateur HuGl)
  2683 | D:4      | Found Gox Teewk's Magic Scroll Shop.
  2692 | D:4      | Bought a scroll of enchant armour for 105 gold pieces
  3111 | D:4      | Found an opulent altar of Gozag.
  3112 | D:4      | Found an iron altar of Okawaru.
  3112 | D:4      | Found a bloodstained altar of Trog.
  3114 | D:4      | Found a burning altar of Makhleb.
  3115 | D:4      | Found a shimmering altar of Xom.
  3120 | D:4      | Became a worshipper of Warmaster Okawaru
  3169 | D:4      | Reached XP level 6. HP: 31/38 MP: 6/6
  3533 | D:5      | Entered Level 5 of the Dungeon
  3539 | D:5      | Noticed Yermak's ghost (novice SpTm)
  3692 | D:5      | Noticed a hippogriff
  3756 | D:5      | Noticed a water moccasin
  3786 | D:5      | Killed a water moccasin
  4436 | D:6      | Noticed Eustachio
  4493 | D:6      | Killed Eustachio
  4493 | D:6      | Reached skill level 5 in Armour
  4493 | D:6      | Reached skill level 5 in Shields
  4493 | D:6      | Reached XP level 7. HP: 25/44 MP: 7/7
  4634 | D:6      | Found a shattered altar of Ashenzari.
  4667 | D:6      | Reached * piety under Okawaru
  4967 | D:6      | Reached skill level 5 in Fighting
  4967 | D:6      | Reached skill level 5 in Axes
  5651 | D:6      | Reached XP level 8. HP: 49/49 MP: 8/8
  5756 | D:7      | Gained mutation: You expend magic power (3 MP) to strengthen your wands. [mutagenic meat]
  5758 | D:7      | Gained mutation: You are clumsy. (Dex -2) [mutagenic meat]
  5759 | D:7      | Gained mutation: You have a pair of small antennae on your head. [mutagenic meat]
  5806 | D:7      | Killed Dustman's ghost
  5809 | D:7      | Found Jauv's Armour Boutique.
  5884 | D:7      | Reached skill level 6 in Shields
  6307 | D:7      | Found Tiheydy's General Store.
  6401 | D:7      | Reached ** piety under Okawaru
  6435 | D:7      | Found Ujiqifid's Book Shoppe.
  6477 | D:7      | Found a staircase to the Ecumenical Temple.
  6515 | D:7      | Noticed a hill giant
  6518 | D:7      | Mangled by a hill giant

Action                   |  1- 3 |  4- 6 |  7- 9 || total
-------------------------+-------+-------+-------++-------
Melee: War axe           |   140 |   306 |   245 ||   691
  Eat: Fruit             |     2 |       |       ||     2
       Chunk             |       |     7 |     5 ||    12
       Bread ration      |       |     1 |     1 ||     2
